 Dungeon Crawl Stone Soup version 0.23.0 (webtiles) character file.

Game seed: 9384265184602369185

56 luckybrn567 the Skirmisher (level 3, 0/30 HPs)
             Began as a Centaur Warper on Feb 17, 2019.
             Slain by a hound skeleton (2 damage)
             ... on level 4 of the Dungeon.
             The game lasted 00:20:51 (1811 turns).

luckybrn567 the Skirmisher (Centaur Warper)         Turns: 1811, Time: 00:20:51

Health: 0/30       AC:  5    Str: 14    XL:     3   Next: 71%
Magic:  5/5        EV:  9    Int: 12    God:
Gold:   94         SH:  0    Dex:  8    Spells: 0/5 levels left

rFire    . . .     SeeInvis .   u - +1 spear (pain)
rCold    . . .     Gourm    .   (no shield)
rNeg     . . .     Faith    .   b - +0 leather armour
rPois    .         Spirit   .   i - +0 helmet
rElec    .         Reflect  .   (no cloak)
rCorr    .         Harm     .   (no gloves)
MR       .....                  (no barding)
Stlth    ..........             (no amulet)
HPRegen  0.10/turn              (no ring)
MPRegen  0.09/turn              (no ring)

@: lethally poisoned (0 -> -2), very quick
A: large, hooves 3, deformed body, speed 2, tough skin 3
a: no special abilities


You were on level 4 of the Dungeon.
You were not hungry.

You visited 1 branch of the dungeon, and saw 3 of its levels.

You collected 94 gold pieces.

Inventory:

Hand Weapons
 a - a +0 falchion
 l - a +3 whip
 r - a +0 dagger
 s - a +0 hand axe
 u - a +1 spear of pain (weapon)
Missiles
 e - 2 tomahawks of dispersal (quivered)
 j - 47 stones
 k - 7 poisoned needles
 q - 40 arrows
 v - 23 bolts
Armour
 b - a +0 leather armour (worn)
 h - a +0 robe
 i - a +0 helmet (worn)
 p - a +0 pair of boots
 t - a +0 chain mail
Jewellery
 n - an uncursed ring of fire {magic, unknown}
Scrolls
 c - a scroll of magic mapping {unknown}
 d - a scroll of blinking
 g - 3 scrolls of identify
 w - a scroll of remove curse {unknown}
Comestibles
 f - 4 rations


   Skills:
 + Level 2.7 Fighting
 + Level 2.6 Long Blades
 + Level 1.1 Throwing
 + Level 1.2 Armour
 + Level 1.5 Dodging
 + Level 1.8 Spellcasting
 + Level 2.6 Translocations


You couldn't memorise any spells.
You knew the following spells:

 Your Spells              Type           Power        Failure   Level  Hunger
a - Blink                 Tloc           N/A          17%         2    ###....
b - Gell's Gravitas       Tloc           #.........   34%         3    ####...

Your spell library contained the following spells:

 Spells                   Type           Power        Failure   Level  Hunger
 Shroud of Golubria       Chrm/Tloc      #.........   30%         2    ###....
 Lesser Beckoning         Tloc           #.........   34%         3    ####...
 Teleport Other           Tloc           #.......     34%         3    ####...
 Passage of Golubria      Tloc           N/A          75%         4    #####..


Dungeon Overview and Level Annotations

Branches:
Dungeon (2/15)

Altars:


Innate Abilities, Weirdness & Mutations

You have hooves in place of feet.
Armour fits poorly on your strangely shaped body.
You cover ground very quickly.
You have extremely tough skin. (AC +3)


Message History

An orc comes into view.
It is wearing a +1 ring mail of magic resistance.
The hound skeleton bites you but does no damage.
A dart slug comes into view.
The dart slug bites you.
* * * LOW HITPOINT WARNING * * *
Unknown command.
There is a lethal amount of poison in your body!
The hound skeleton bites you but does no damage.
The hound skeleton bites you but does no damage.
The howler monkey hits you but does no damage.
As you read the scroll labeled WER UHOAVEESAEDEI, it crumbles to dust.
You assume a fearsome visage.
The dart slug looks frightened! x5
The leopard gecko looks frightened!
The dart slug looks frightened!
The adder looks frightened!
The howler monkey looks frightened!
The hound skeleton is unaffected.
The orc looks frightened! x4
It was a scroll of fear.
The hound skeleton barely misses you.
It was a potion of magic.
Magic courses through your body.
* * * LOW HITPOINT WARNING * * *
You feel sick. The hound skeleton bites you.
You die...

....≈≈≈o≈≈w().≈≈≈≈≈
.............≈≈≈≈≈≈≈≈.≈≈≈#≈≈
..............o≈≈≈≈≈#.#≈≈≈#≈
.#.............≈≈≈≈.≈.$≈≈≈≈≈
.#.........#..o≈≈≈≈≈?.$≈≈≈≈≈
.#.........# #..≈≈#≈w≈≈≈≈≈≈#
...........####...≈≈≈≈≈≈≈...
........[.##....@Z.≈≈w≈l....
...........w.......w#.......
...........######..h#.......
...........######..w##...!..
.........Www.w#...S..##)....
.........#..w§w.W.....##....
..####...##..#####.....#....
..# #...##...# .....## ...
#.##........... .###.#


You could see a howler monkey (fleeing), an adder (fleeing), 6 dart slugs, 3
orcs, a leopard gecko (fleeing) and a hound skeleton.

Vanquished Creatures
  2 adders (D:2)
  3 dart slugs (D:1)
  3 giant cockroaches
  2 goblins (D:1)
  3 hobgoblins (D:1)
  A ball python (D:1)
  A bat (D:1)
  8 frilled lizards (D:1)
  6 kobolds
  6 rats
35 creatures vanquished.

Notes
Turn   | Place    | Note
-------+----------+-------------------------------------------
     0 | D:1      | luckybrn567 the Centaur Warper began the quest for the Orb.
     0 | D:1      | Reached XP level 1. HP: 17/17 MP: 3/3
   222 | D:1      | Reached XP level 2. HP: 6/25 MP: 4/4
   281 | D:1      | Learned a level 2 spell: Blink
  1211 | D:1      | Reached XP level 3. HP: 27/30 MP: 5/5
  1538 | D:1      | Learned a level 3 spell: Gell's Gravitas
  1575 | D:2      | Reached skill level 1 in Armour
  1722 | D:2      | You fall through a shaft for 2 floors!
  1766 | D:4      | Noticed a phantom
  1811 | D:4      | Slain by a hound skeleton

Skill      XL: |  1  2  3 |
---------------+----------+-----
Long Blades    | 2 |  2.6
Armour         | 1 |  1.2
Fighting       | |  2.7
Throwing       | |  1.1
Dodging        | |  1.5
Spellcasting   | |  1.8
Translocations | |  2.6

Action                   || total
-------------------------++-------
Melee: Falchion          ||    69
       Kick              ||    19
       Spear             ||    14
Throw: Tomahawk          ||     3
 Cast: Blink             ||     2
  Use: Scroll            ||     2
       Potion            ||     1
  Eat: Ration            ||     1
Armor: Leather armour    ||    44
Dodge: Dodged            ||    52
       Rpst.: Falchion   ||    11
